 Dungeon Crawl Stone Soup version 0.30-b1-2-g02819fbbbe (webtiles) character file.

Game seed: 10151642004256941900

113 sanka the Slasher (level 4, -2/33 HPs)
             Began as a Vampire Warper on May 16, 2023.
             Slain by an orc
             ... wielding a +0 hand axe
              (7 damage)
             ... on level 3 of the Dungeon.
             The game lasted 00:02:31 (1898 turns).

sanka the Slasher (Vampire Warper)                  Turns: 1898, Time: 00:02:31

Health: -2/33      AC:  3    Str: 10    XL:     4   Next: 65%
Magic:  7/7        EV: 12    Int: 21    God:
Gold:   135        SH:  0    Dex: 15    Spells: 7/7 levels left

rFire   . . .        a - +0 falchion
rCold   . . .        (no shield)
rNeg    . . .        b - +0 leather armour
rPois   .            (no helmet)
rElec   .            (no cloak)
rCorr   .            (no gloves)
SInv    +            (no boots)
Will    .....        (no amulet)
Stlth   +            f - +6 ring of intelligence
HPRegen 0.45/turn    (no ring)
MPRegen 0.10/turn

%: no passive effects
@: healing quickly
A: alive, fangs 3, see invisible, vampiric 2
a: Exsanguinate


You were on level 3 of the Dungeon.
You visited 1 branch of the dungeon, and saw 3 of its levels.

You collected 135 gold pieces.

Inventory:

Hand Weapons
 a - a +0 falchion (weapon)
 k - a +0 hand crossbow
Missiles
 d - 7 boomerangs of dispersal (quivered) {=f}
 o - 2 boomerangs
Armour
 b - a +0 leather armour (worn)
Magical Staves
 j - a staff of air
Jewellery
 f - a +6 ring of intelligence (left hand)
Wands
 n - a wand of roots (10)
Scrolls
 c - a scroll of blinking
 e - a scroll of vulnerability {unknown}
 h - a scroll of poison {unknown}
 l - 2 scrolls of identify {unknown}
 m - a scroll of noise {unknown}
Potions
 g - a potion of brilliance {unknown}
 i - a potion of flight {unknown}


   Skills:
 - Level 2.0 Fighting
 + Level 4.9 Long Blades
 - Level 0.7 Throwing
 - Level 0.7 Armour
 - Level 2.1 Dodging
 - Level 2.0 Spellcasting
 - Level 2.4 Translocations


You had 7 spell levels left.
You didn't know any spells.
Your spell library contained the following spells:

 Spells                   Type           Power      Damage    Failure   Level
 Blink                    Tloc           24%        N/A       12%         2
 Lesser Beckoning         Tloc           24%        N/A       12%         2
 Teleport Other           Tloc           12%        N/A       22%         3
 Vhi's Electric Charge    Tloc/Air       14%        N/A       36%         3
 Manifold Assault         Tloc           12%        N/A       58%         4


Dungeon Overview and Level Annotations

Branches:
Dungeon (3/15)

Altars:


Innate Abilities, Weirdness & Mutations

Your natural rate of healing is accelerated.
You have razor-sharp teeth.
You have supernaturally acute eyesight. (SInv)
You are afflicted with vampirism and can become a bat while bloodless.


Message History

You hit the orc priest but do no damage.
Your bite misses the orc priest.
The orc priest is moderately wounded.
The orc hits you with a +0 hand axe. The orc priest hits you with a +0 club.
You hit the orc priest but do no damage.
The orc priest is moderately wounded.
The orc barely misses you.
The orc priest hits you but does no damage.
You hit the orc priest.
The orc priest is severely wounded.
The orc hits you with a +0 hand axe!
* * * LOW HITPOINT WARNING * * *
The orc priest misses you.
An orc comes into view. It is wielding a +0 falchion.
You hit the orc priest.
The orc priest is severely wounded.
The orc closely misses you.
The orc priest hits you but does no damage.
You hit the orc priest but do no damage.
The orc priest is severely wounded.
The orc barely misses you.
The orc priest invokes the aid of Beogh against you.
You barely resist. You barely miss the orc priest. You bite the orc priest.
The orc priest is almost dead.
The orc closely misses you. The orc priest misses you.
You completely miss the orc priest.
The orc priest is almost dead.
The orc hits you with a +0 hand axe!
* * * LOW HITPOINT WARNING * * *
The orc priest invokes the aid of Beogh against you.
You barely resist.
You hit the orc priest but do no damage.
The orc priest is almost dead.
The orc closely misses you. The orc priest completely misses you.
The orc barely misses you.
You hit the orc priest.
You kill the orc priest!
The orc closely misses you. The orc hits you with a +0 hand axe!
You die...

#### ... ###.#####
########
####..)....#
#>.....###....@o..#
#.####.##...#.#o#.#
###.####.#......#.#
......#...#...#.#..
...#...........###.
##..#.#...##.####
.# #...#.##.###...
# ...##.#### #+###
......#


You could see 2 orcs.

Vanquished Creatures
  2 orc priests (D:3)
  2 adders (D:2)
  2 worms
  3 dart slugs
  3 orcs (D:3)
  4 endoplasms
  2 giant cockroaches
  4 goblins
  4 hobgoblins
  6 kobolds
  A quokka (D:1)
  4 ball pythons
  6 bats
  4 frilled lizards
  3 rats
50 creatures vanquished.

Notes
Turn   | Place    | Note
-------+----------+-------------------------------------------
     0 | D:1      | sanka the Vampire Warper began the quest for the Orb.
     0 | D:1      | Reached XP level 1. HP: 16/16 MP: 3/3
    72 | D:1      | Reached XP level 2. HP: 22/22 MP: 5/5
   217 | D:1      | Reached skill level 3 in Long Blades
   564 | D:1      | Gained mutation: You are afflicted with vampirism and can
                  | become a bat while bloodless. [Vampire growth]
   564 | D:1      | Reached XP level 3. HP: 27/27 MP: 6/6
  1150 | D:2      | Reached skill level 4 in Long Blades
  1496 | D:2      | Reached XP level 4. HP: 20/33 MP: 7/7
  1898 | D:3      | Slain by an orc

Illustrated notes

Levels and vault maps discovered:
D:1:      ebering_trefoil_3fold, layout_loops_ring, minmay_tromino_v4_c
D:2:      layout_basic, basic_altar
D:3:      layout_loops_corners, chequers_avenue, minmay_misc_feat_pillars,
          uniq_terence

Skill      XL: |  1  2  3 |
---------------+----------+-----
Fighting       | 2 |  2.0
Long Blades    | 3 4 |  4.9
Throwing       | |  0.7
Armour         | |  0.7
Dodging        | |  2.1
Spellcasting   | |  2.0
Translocations | |  2.4

Action                     |  1- 3 |  4- 6 || total
---------------------------+-------+-------++-------
  Melee: Falchion          |   123 |    37 ||   160
         Bite              |    10 |     4 ||    14
         Punch             |     1 |       ||     1
   Stab: Sleeping          |     2 |       ||     2
 Armour: Leather armour    |    25 |     7 ||    32
  Dodge: Dodged            |    59 |    27 ||    86
